 Dungeon Crawl Stone Soup version 0.21-a0-72-gbbb65ab (webtiles) character file.

318 Kidiri the Insei (level 6, 0/46 HPs)
             Began as a Demonspawn Transmuter on June 20, 2017.
             Killed by nerve-wracking pain
             ... invoked by Menkaure
              (9 damage)
             ... on level 4 of the Dungeon.
             The game lasted 00:13:30 (3747 turns).

Kidiri the Insei (Demonspawn Transmuter)            Turns: 3747, Time: 00:13:31

Health: 0/46       AC:  5    Str: 12    XL:     6   Next: 21%
Magic:  3/10       EV: 13    Int: 14    God:
Gold:   151        SH:  0    Dex: 14    Spells: 3/11 levels left

rFire    . . .     SeeInvis .     - Unarmed
rCold    . . .     Gourm    .   (no shield)
rNeg     . . .     Faith    .   b - +0 robe
rPois    .         Spirit   .   k - +2 helmet
rElec    .         Reflect  .   (no cloak)
rCorr    .         Harm     .   (no gloves)
MR       .....                  (no boots)
Stlth    +++.......             (no amulet)
HPRegen  0.15/turn              (no ring)
MPRegen  0.12/turn              (no ring)

@: very slightly contaminated, hasted, very quick
A: hooves 1, nightstalker 1, spiny 2
a: no special abilities


You were on level 4 of the Dungeon.
You were not hungry.

You visited 2 branches of the dungeon, and saw 5 of its levels.

You collected 151 gold pieces.

Inventory:

Missiles
 a - 12 arrows
Armour
 b - a +0 robe (worn)
 e - a +0 leather armour
 k - a +2 helmet (worn)
 q - a scarf of spirit shield
Scrolls
 f - a scroll of magic mapping
 o - a scroll of remove curse
Potions
 h - a potion of brilliance
 i - a potion of magic {unknown}
 l - a potion of resistance {unknown}
 m - a potion of might {unknown}
 n - a potion of curing {unknown}
Books
 c - a book of Changes

   Spells                             Type                      Level
   a - Beastly Appendage              Transmutation                1
   b - Sticks to Snakes               Transmutation                2
   c - Spider Form                    Transmutation/Poison         3
   d - Ice Form                       Ice/Transmutation            4
   e - Blade Hands                    Transmutation                5
Comestibles
 d - 3 bread rations
 p - 2 royal jellies
 r - a meat ration


   Skills:
 * Level 2.4 Fighting
 + Level 1.0 Armour
 * Level 2.5 Dodging
 + Level 1.2 Stealth
 * Level 3.4 Unarmed Combat
 * Level 3.1 Spellcasting
 * Level 3.0 Transmutations
 + Level 0.6 Ice Magic
 + Level 1.3 Poison Magic


You had 3 spell levels left.
You knew the following spells:

 Your Spells              Type           Power        Failure   Level  Hunger
a - Beastly Appendage     Tmut           ##....       6%          1    #......
b - Spider Form           Tmut/Pois      #.........   26%         3    ###....
c - Ice Form              Ice/Tmut       #.......     69%         4    #####..


Dungeon Overview and Level Annotations

Branches:
Dungeon (4/15)             Temple (1/1) D:4

Altars:
Ashenzari
Cheibriados
Elyvilon
Hepliaklqana
Makhleb
Okawaru
Qazlal
Ru
Sif Muna
Trog
Uskayaw
Vehumet
Yredelemnul
Zin
The Shining One

Annotations:
D:4 Menkaure


Innate Abilities, Weirdness & Mutations

You have large cloven feet.
You are slightly more attuned to the shadows.
You are mostly covered in sharp spines.


Message History

Menkaure casts a spell.
Menkaure seems to speed up.
Menkaure points at you and mumbles some strange words.
Pain shoots through your body!
Menkaure gestures at you while chanting.
Pain shoots through your body!
You hit Menkaure but do no damage. You kick Menkaure, but do no damage.
Menkaure is struck by your spines. Menkaure closely misses you.
Unknown command.
Okay, then.
You hit Menkaure but do no damage. You kick Menkaure, but do no damage.
Menkaure is lightly damaged.
Menkaure hits you!!
* * * LOW HITPOINT WARNING * * *
Unknown command.
It was a potion of haste.
You feel yourself speed up. Menkaure misses you.
Menkaure hums a few words.
Menkaure casts a spell at you. Pain shoots through your body!
You die...

......<.._..###<.#...#
#######..........# ###
#.########.# #.# #.# #.#
#.# #.# #.# #.# #.#
...#####.########.######
#...M.@................
...#####.###.##.#.#####.
...........##.#.#
######.##..##.#.#
#.##..##.#.# .
#.##...>...# ###.
#.###.#....###...
#..............#
####..#...####.#


You could see Menkaure.

Vanquished Creatures
  A howler monkey (D:3)
  A hound (D:4)
  Natasha (twice) (D:3)
  A worker ant zombie (D:3)
  Robin (D:3)
  5 gnolls
  An adder (D:4)
  3 oozes
  An adder skeleton (D:4)
  3 worms (D:3)
  A dart slug (D:1)
  4 orcs (D:3)
  4 giant cockroaches
  20 goblins
  9 hobgoblins
  9 jackals
  8 bats
  4 frilled lizards
  5 kobolds
  9 rats
92 creatures vanquished.

Notes
Turn   | Place    | Note
-------+----------+-------------------------------------------
     0 | D:1      | Kidiri the Demonspawn Transmuter began the quest for the Orb.
     0 | D:1      | Reached XP level 1. HP: 15/15 MP: 3/3
   236 | D:1      | Gained mutation: You are partially covered in sharp spines. [demonic ancestry]
   236 | D:1      | Reached XP level 2. HP: 19/21 MP: 3/5
   495 | D:1      | Reached XP level 3. HP: 15/26 MP: 4/6
   636 | D:1      | Learned a level 3 spell: Spider Form
  1015 | D:2      | Found a white marble altar of Elyvilon.
  1016 | D:2      | Found a snail-covered altar of Cheibriados.
  1141 | D:2      | Found a glowing golden altar of the Shining One.
  1602 | D:3      | Gained mutation: You are slightly more attuned to the shadows. [demonic ancestry]
  1602 | D:3      | Reached XP level 4. HP: 21/32 MP: 1/7
  1702 | D:3      | Learned a level 4 spell: Ice Form
  2367 | D:3      | Noticed Robin
  2442 | D:3      | Killed Robin
  2442 | D:3      | Reached skill level 1 in Poison Magic
  2442 | D:3      | Lost mutation: You have claws for feet. [demonic ancestry]
  2442 | D:3      | Lost mutation: You have razor-sharp toenails. [demonic ancestry]
  2442 | D:3      | Lost mutation: You have sharp toenails. [demonic ancestry]
  2442 | D:3      | Gained mutation: You have large cloven feet. [demonic ancestry]
  2442 | D:3      | Reached XP level 5. HP: 19/38 MP: 3/9
  3109 | D:3      | Noticed Natasha
  3121 | D:3      | Killed Natasha
  3121 | D:3      | Reached skill level 1 in Stealth
  3223 | D:3      | Found a burning altar of Makhleb.
  3330 | D:3      | Noticed Natasha
  3335 | D:3      | Killed Natasha
  3335 | D:3      | Reached skill level 1 in Armour
  3335 | D:3      | Gained mutation: You are mostly covered in sharp spines. [demonic ancestry]
  3335 | D:3      | Reached XP level 6. HP: 45/45 MP: 6/10
  3397 | D:4      | Found a hide-covered altar of Uskayaw.
  3397 | D:4      | Found a hazy altar of Hepliaklqana.
  3453 | D:4      | Found a staircase to the Ecumenical Temple.
  3469 | Temple   | Entered the Ecumenical Temple
  3738 | D:4      | Noticed Menkaure
  3747 | D:4      | Killed from afar by Menkaure

Vault maps used:
D:1:      dpeg_arrival_round_c
D:2:      gammafunk_temple_overflow_forgotten, serial_forest,
          infiniplex_forest_clump_small, infiniplex_forest_lined_room_3,
          infiniplex_forest_fountain, infiniplex_forest_clump_medium,
          infiniplex_forest_straight_3, infiniplex_forest_clump_curved,
          infiniplex_forest_lined_room_3
D:3:      kennysheep_goblin_castle, nicolae_overflow_hidden_temple, first_bread,
          nrook_mini_vaults, uniq_natasha
D:4:      kennysheep_mini_moat, chequers_temple_overflow_statue_of_worship,
          temple_statues, minivault_14, uniq_robin, uniq_menkaure,
          uniq_blork_the_orc, uniq_grinder
Temple:   compressed_dpeg_triangle_lava_temple

Skill      XL: |  1  2  3  4  5  6 |
---------------+-------------------+-----
Transmutations | 2 3 |  3.0
Dodging        | 2 |  2.5
Unarmed Combat | 3 |  3.4
Spellcasting   | 3 |  3.1
Poison Magic   | 1 |  1.3
Fighting       | 2 |  2.4
Stealth        | 1 |  1.2
Armour         | 1 |  1.0
Ice Magic      | |  0.6

Action                   |  1- 3 |  4- 6 || total
-------------------------+-------+-------++-------
Melee: Unarmed           |   108 |   154 ||   262
       Headbutt          |     2 |       ||     2
       Kick              |    16 |    23 ||    39
       Punch             |     2 |     1 ||     3
 Cast: Beastly Appendage |    16 |     6 ||    22
       Spider Form       |     1 |    12 ||    13
  Use: Scroll            |     7 |       ||     7
       Potion            |       |     2 ||     2
 Stab: Sleeping          |     2 |     4 ||     6
  Eat: Chunk             |     2 |    10 ||    12
Armor: Robe              |    21 |    19 ||    40
       Skin              |       |     5 ||     5
Dodge: Dodged            |    82 |   117 ||   199
